Umberto, lawful male human Monk ------ |....| |....| |<...| #.....| ###--.--- # # ### # # # -----------# # |.........|# ### |...._....I# # |..`......| ### ----------- ##### ----.-- |.....+ |.....| |...<.| ------- Umberto the Initiate Experience level: 6 Strength: 11 Dexterity: 18 Constitution: 12 Intelligence: 11 Wisdom: 18 Charisma: 9 Health: 0(47) Energy: 50(50) Def: 8 Gold: 271 Moves: 4502 Dungeon seed: ZyPrG80wkdfvkI3O Game ID: Umberto_1500319523 Your Inventory: Coins $ - 271 gold pieces Weapons k - 12 +0 darts (in quiver) M - a +0 orcish dagger Armor e - an uncursed +2 pair of leather gloves (being worn) n - an uncursed +1 robe (being worn) y - an uncursed +0 dwarvish roundshield (being worn) Y - a cursed -2 dwarvish iron helm (being worn) Comestibles f - 7 uncursed apples g - 2 uncursed oranges L - an uncursed lichen corpse Scrolls b - an uncursed scroll of scare monster J - an uncursed scroll of teleportation Q - an uncursed scroll of identify Potions c - 2 uncursed potions of healing m - a blessed potion of see invisible D - an uncursed potion of levitation Rings A - an uncursed ring of hunger (on right hand) I - an uncursed ring of stealth (on left hand) X - a cursed ring of shock resistance Wands U - a wand of light (0:13) Tools p - a +0 pick-axe (weapon in hand) t - a tinning kit (0:82) z - an uncursed sack Gems O - an uncursed touchstone Contents of the sack: an uncursed spellbook of healing an uncursed spellbook of protection a blessed spellbook of sleep a magic marker (0:85) a blessed oil lamp (0:1255) 4 uncursed tallow candles (0:200) Spells and supernatural/magical abilities: Name Level Category Fail Memory h - healing 1 healing 38% 94% z - sleep 1 enchantment 44% 78% W - pray for help -- divine ? -- Your skills at the end: Fighting Skills martial arts [Skilled] Weapon Skills Spellcasting Skills healing spells [Basic] Final Attributes: You were piously aligned. You were sleep resistant. You were poison resistant. You hungered rapidly. You saw invisible. You were stealthy. You were fast. You are dead. Vanquished creatures: a ghost a large mimic a leprechaun a fog cloud a gnome lord a straw golem a paper golem a dwarf a kobold shaman 4 rothes 2 giant bats 5 dwarf zombies a wererat 3 werejackals 5 iguanas 5 coyotes 8 giant rats a brown mold a yellow mold a red mold 6 gnomes a gnome zombie 6 geckos 5 jackals a fox 2 kobolds 2 goblins 2 sewer rats 10 grid bugs 5 bats 2 lichens 7 newts 94 creatures vanquished. Voluntary challenges: You were vegetarian. You used a wielded weapon 41 times, starting on turn 4204. You read items or engraved 9 times, starting on turn 716. You never genocided any monsters. You never polymorphed an object. You never changed form. You used no wishes. You never split a pudding. You wrote Elbereth's name 1 time, starting on turn 3672. You never violated your personal moral code. Dungeon overview: The Dungeons of Doom: levels 1 to 7 Level 1 an altar to Shan Lai Ching a long staircase Level 2 an altar to Shan Lai Ching Level 3 a general store stairs to The Gnomish Mines Level 4 Level 5 some fountains Level 6 many fountains Level 7 <- You were here an altar to Shan Lai Ching a long staircase The Gnomish Mines: Level 4 stairs to The Dungeons of Doom History has recorded: On T:1 you entered the Dungeons of Doom to retrieve the Amulet of Yendor! On T:463 you reached level 2 of The Dungeons of Doom. On T:677 you reached level 3 of The Dungeons of Doom. On T:1127 you reached level 4 of The Dungeons of Doom. On T:1279 you reached level 5 of The Dungeons of Doom. On T:1363 you reached level 6 of The Dungeons of Doom. On T:1416 you advanced to experience level 2. On T:1530 you advanced to experience level 3. On T:1692 you advanced to experience level 4. On T:2057 you advanced to experience level 5. On T:3148 you reached level 1 of The Gnomish Mines. On T:4355 you reached level 7 of The Dungeons of Doom. On T:4412 you advanced to experience level 6. Score breakdown: Gold: 271 ( 8281 points) Experience: 6 levels (12456 points) Exploration: 7 levels ( 15.56%) (11078 points) Discoveries: 10 items ( 3.57%) ( 5669 points) Valuables value: (no points given unless you survive) Artifact value: 0 ( 0 points) Variety of kills: 32 monsters ( 8.40%) ( 8694 points) Turncount: 4502 turns (-1199 points) Survival: died (score multiplied by 80%) Total score: 35983 Latest messages: The paper golem hits! You hit the paper golem. The paper golem hits! You miss the paper golem. You hit the paper golem. The paper golem hits! You miss the paper golem. The paper golem hits! You hit the paper golem. The paper golem misses. You hit the paper golem. The paper golem misses. You faint from lack of food. It hits! (2x) It just misses! It hits! (4x) It just misses! It misses. You come to. You faint from lack of food. It hits! (6x) You die... Final status: Goodbye Umberto the Monk, killed by a paper golem, while fainted from lack of food... You died in The Dungeons of Doom on dungeon level 7 with 35983 points, and 271 pieces of gold, after 4502 moves. You were level 6 with a maximum of 47 hit points when you died.